 Dungeon Crawl Stone Soup version 0.27.1-34-g3ba077fa99 (webtiles) character file.

Game seed: 2368827104114687328

168 squill the Firebug (level 5, 0/38 HPs)
             Began as a Hill Orc Fire Elementalist on Jan 6, 2022.
             Slain by a water moccasin skeleton (7 damage)
             ... on level 4 of the Dungeon.
             The game lasted 00:11:35 (3774 turns).

squill the Firebug (Hill Orc Fire Elementalist)     Turns: 3774, Time: 00:11:36

Health: 0/38       AC:  3    Str: 11    XL:     5   Next: 48%
Magic:  7/8        EV: 12    Int: 16    God:
Gold:   133        SH:  0    Dex: 11    Spells: 4/8 levels left

rFire    . . .     SeeInvis .   l - +0 war axe (vamp)
rCold    . . .     Faith    .   (no shield)
rNeg     . . .     Spirit   .   a - +0 robe
rPois    .         Reflect  .   (no helmet)
rElec    .         Harm     .   (no cloak)
rCorr    .         Rampage  .   b - +0 pair of gloves {archery}
Will     .....                  (no boots)
Stlth    ++........             (no amulet)
HPRegen  0.12/turn              (no ring)
MPRegen  0.11/turn              (no ring)

@: no status effects
A: no striking features
a: no special abilities


You were on level 4 of the Dungeon.
You visited 1 branch of the dungeon, and saw 4 of its levels.

You collected 133 gold pieces.

Inventory:

Hand Weapons
 e - a +0 mace
 l - a +0 vampiric war axe (weapon)
Armour
 a - a +0 robe (worn)
 b - a +0 pair of gloves of archery (worn)
Scrolls
 d - a scroll of torment {unknown}
 h - 2 scrolls of identify {unknown}
 j - a scroll of summoning {unknown}
 m - a scroll of vulnerability {unknown}
 n - a scroll of immolation {unknown}
 p - 2 scrolls of teleportation {unknown}
 q - a scroll of enchant weapon {unknown}
Potions
 c - a potion of cancellation {unknown}
 f - a potion of resistance {unknown}
 g - a potion of magic {unknown}
 i - a potion of flight {unknown}
 k - a potion of mutation {unknown}
 o - a potion of heal wounds {unknown}
 r - 2 potions of degeneration {unknown}
 s - 2 potions of lignification {unknown}


   Skills:
 + Level 2.4 Armour
 - Level 1.5 Dodging
 - Level 1.5 Stealth
 + Level 2.4 Spellcasting
 + Level 2.6 Conjurations
 + Level 4.3 Fire Magic


You had 4 spell levels left.
You knew the following spells:

 Your Spells              Type           Power      Damage    Failure   Level
a - Foxfire               Conj/Fire      52%        2x1d6     4%          1
b - Conjure Flame         Conj/Fire      13%        6-21      14%         3

Your spell library contained the following spells:

 Spells                   Type           Power      Damage    Failure   Level
 Inner Flame              Hex/Fire       8%         N/A       24%         3
 Sticky Flame             Conj/Fire      13%        2d4       43%         4
 Fireball                 Conj/Fire      6%         3d5       78%         5


Dungeon Overview and Level Annotations

Branches:
Dungeon (4/15)
 Temple: D:4-7

Altars:


Message History

You kill the giant cockroach!
You see here a giant cockroach corpse.
Casting: Foxfire (safe; 4% risk of failure)
Press: ? - help, Q - select action Dir - look around, f - activate
Okay, then.
A water moccasin skeleton comes into view.
You hit the water moccasin skeleton.
The water moccasin skeleton is lightly damaged.
The water moccasin skeleton bites you.
The water moccasin skeleton bites you but does no damage.
You slash the water moccasin skeleton!
The water moccasin skeleton is moderately damaged.
The water moccasin skeleton bites you but does no damage.
The water moccasin skeleton bites you.
You slash the water moccasin skeleton!
The water moccasin skeleton is severely damaged.
The water moccasin skeleton misses you.
You hit the water moccasin skeleton.
The water moccasin skeleton is severely damaged.
The water moccasin skeleton bites you. x2
You hit the water moccasin skeleton.
The water moccasin skeleton is almost destroyed.
The water moccasin skeleton barely misses you. x2
You barely miss the water moccasin skeleton.
The water moccasin skeleton is almost destroyed.
The water moccasin skeleton bites you. x2
You completely miss the water moccasin skeleton.
The water moccasin skeleton is almost destroyed.
The water moccasin skeleton bites you.
* * * LOW HITPOINT WARNING * * *
The water moccasin skeleton bites you.
* * * LOW HITPOINT WARNING * * *
You hit the water moccasin skeleton.
The water moccasin skeleton is almost destroyed.
The water moccasin skeleton bites you.
* * * LOW HITPOINT WARNING * * *
Casting: Foxfire (safe; 4% risk of failure)
Confirm with . or Enter, or press ? or * to list all spells.
You conjure some foxfire!
The water moccasin skeleton bites you!
You die...

####.#.#......##........
#......#....###..#...#
.........##†.##..##....
......#.# #>.#...#.....
..#. #..#......... .
##...........
.###.##........
.......v.......
...####@....... ....#
#.Zv....... ....
##.......## ...
.........# ..
##......... ##.....#..
......### #......


You could see a water moccasin skeleton (ally target).

Vanquished Creatures
  A water moccasin skeleton (D:4)
  A gnoll (D:2)
  3 adders
  3 worms
  2 dart slugs
  An orc (D:3)
  3 bats
  5 endoplasms
  6 giant cockroaches
  9 goblins
  6 hobgoblins
  A jackal (D:2)
  3 kobolds
  4 quokkas
  7 ball pythons
  5 frilled lizards
  9 rats
69 creatures vanquished.

Vanquished Creatures (others)
  81 foxfires
81 creatures vanquished.

Grand Total: 150 creatures vanquished

Notes
Turn   | Place    | Note
-------+----------+-------------------------------------------
     0 | D:1      | squill the Hill Orc Fire Elementalist began the quest for
                  | the Orb.
     0 | D:1      | Reached XP level 1. HP: 14/14 MP: 3/3
   247 | D:1      | Reached XP level 2. HP: 20/20 MP: 2/4
   479 | D:1      | Reached skill level 1 in Armour
   613 | D:1      | Reached XP level 3. HP: 17/26 MP: 5/5
   617 | D:1      | Learned a level 3 spell: Conjure Flame
  1602 | D:2      | Reached XP level 4. HP: 31/33 MP: 2/7
  1688 | D:2      | You fall into a shaft and drop 1 floor!
  2069 | D:2      | Reached skill level 4 in Fire Magic
  3581 | D:3      | Reached XP level 5. HP: 38/38 MP: 6/8
  3774 | D:4      | Slain by a water moccasin skeleton

Illustrated notes

Levels and vault maps discovered:
D:1:      scummos_arrival_star, layout_rooms, minmay_pentomino_s2
D:2:      layout_basic, minmay_3d_cube
D:3:      layout_basic, kennysheep_big_empty_room, grunt_ministairs_5,
          serial_bayou_pond_d
D:4:      kennysheep_big_flooded_room, layout_cave_pools, serial_glass,
          glass_columns_b, glass_columns_a, kennysheep_generic_room_12,
          uniq_eustachio

Skill      XL: |  1  2  3  4 |
---------------+-------------+-----
Armour         | 1 2 |  2.4
Spellcasting   | 2 |  2.4
Conjurations   | 2 |  2.6
Fire Magic     | 4 |  4.3
Dodging        | |  1.5
Stealth        | |  1.5

Action                   |  1- 3 |  4- 6 || total
-------------------------+-------+-------++-------
Melee: Unarmed           |    10 |       ||    10
       Mace              |    69 |     7 ||    76
       War axe           |       |    85 ||    85
 Cast: Foxfire           |    27 |    23 ||    50
 Stab: Sleeping          |     1 |     1 ||     2
Armor: Robe              |    26 |    29 ||    55
Dodge: Dodged            |    80 |    76 ||   156
